Description

azdeeeeeeeeeee

Replay - PvZ vs lambo (6k6 MMR) photon rush into 3gate in base

Build Order

Get SALT Encoding   

  12  0:00  Probe  
  13  0:12  Probe  
  14  0:19  Pylon  
  14  0:25  Probe (Chrono Boost)  
  15  0:38  Probe (Chrono Boost)  
  15  0:40  Forge  
  16  0:45  Probe (Chrono Boost)  
  17  0:56  Probe  
  18  0:59  Pylon  
  19  1:18  Photon Cannon  
  19  1:19  Gateway  
  18  1:27  Probe  
  19  1:37  Gateway  
  19  1:39  Probe  
  20  1:40  Assimilator  
  20  1:48  Photon Cannon  
  20  2:07  Cybernetics Core  
  20  2:10  Photon Cannon  
  20  2:11  Zealot (Chrono Boost)  
  22  2:26  Photon Cannon  
  22  2:28  Zealot (Chrono Boost)  
  24  2:40  Pylon  
  24  2:50  Stalker x2  
  28  3:00  Photon Cannon  
  28  3:07  Shield Battery  
  28  3:18  Shield Battery x2  
  28  3:35  Stalker x2  
  28  3:40  Shield Battery  
  30  3:56  Gateway  
  30  4:02  Shield Battery  
  37  4:17  Stalker x2  
  24  4:19  Shield Battery  
  28  4:25  Shield Battery  
  28  4:42  Photon Cannon  
  28  4:45  Stalker  
  32  5:27  Shield Battery  
Spawning Tool Build Advisor. Get it on Overwolf

Analysis

azdddddddddddddddddddddddddd

Go to:

Details

  • Created by: Elku
  • Published on: Nov 30, 2017
  • Modified on: Nov 30, 2017
  • Patch: 4.0.0
Show
View Real Time Build Order
Export as new Build Order

Comments (0)

There are no comments. Be the first!

Create an account to comment!